 Dungeon Crawl Stone Soup version 0.30.0 (webtiles) character file.

Game seed: 464270527014375059

5 snewbie the Shield-Bearer (level 1, 0/13 HPs)
             Began as a Gnoll Wanderer on Sept 20, 2023.
             Slain by a jackal (3 damage)
             ... on level 1 of the Dungeon.
             The game lasted 00:04:42 (256 turns).

snewbie the Shield-Bearer (Gnoll Wanderer)           Turns: 256, Time: 00:04:42

Health: 0/13       AC:  5    Str:  8    XL:     1   Next: 80%
Magic:  6/6        EV:  9    Int: 16    God:
Gold:   10         SH:  5    Dex:  9    Spells: 8/9 levels left

rFire   . . .        a - +0 dagger
rCold   . . .        b - +0 buckler
rNeg    . . .        i - +0 ring mail
rPois   .            (no helmet)
rElec   .            (no cloak)
rCorr   .            (no gloves)
SInv    .            (no boots)
Will    .....        (no amulet) Stlth
                     (no ring)
HPRegen 0.22/turn    (no ring)
MPRegen 0.10/turn

%: no passive effects
@: no status effects
A: fangs 1, strong nose, distributed training
a: no special abilities


You were on level 1 of the Dungeon.
You visited 1 branch of the dungeon, and saw 1 of its levels.

You collected 10 gold pieces.

Inventory:

Hand Weapons
 a - a +0 dagger (weapon)
Missiles
 g - a stone
Armour
 b - a +0 buckler (worn)
 d - a +0 robe
 i - a +0 ring mail (worn)
Scrolls
 c - a scroll of blinking
 f - a scroll of enchant armour {unknown}
 h - a scroll of identify {unknown}
Potions
 e - a potion of lignification


   Skills:
 + Level 0.1 Fighting
 + Level 0.1 Short Blades
 + Level 0.1 Long Blades
 + Level 0.1 Axes
 + Level 0.1 Maces & Flails
 + Level 0.1 Polearms
 + Level 0.1 Staves
 + Level 0.1 Ranged Weapons
 + Level 0.1 Throwing
 + Level 2.4 Armour
 + Level 0.1 Dodging
 + Level 0.1 Stealth
 + Level 6.4 Shields
 + Level 0.1 Unarmed Combat
 + Level 4.9 Spellcasting
 + Level 0.1 Conjurations
 + Level 0.1 Hexes
 + Level 0.1 Summonings
 + Level 0.1 Necromancy
 + Level 5.3 Translocations
 + Level 0.1 Transmutations
 + Level 0.1 Fire Magic
 + Level 0.1 Ice Magic
 + Level 0.1 Air Magic
 + Level 0.1 Earth Magic
 + Level 0.1 Poison Magic
 + Level 0.2 Invocations
 + Level 2.4 Evocations


You had 8 spell levels left.
You knew the following spells:

 Your Spells              Type           Power      Damage    Failure   Level
a - Apportation           Tloc           42%        N/A       8%          1

Your spell library contained the following spells:

 Spells                   Type           Power      Damage    Failure   Level
 Portal Projectile        Hex/Tloc       24%        N/A       54%         3
 Volatile Blastmotes      Fire/Tloc      24%        2d12      54%         3
 Hailstorm                Conj/Ice       4%         3d4       88%         3
 Ice Form                 Ice/Tmut       4%         N/A       99%         4
 Simulacrum               Ice/Necr       2%         N/A       100%        6


Dungeon Overview and Level Annotations

Branches:
Dungeon (1/15)

Altars:


Innate Abilities, Weirdness & Mutations

You have very sharp teeth.
Your uncanny sense of smell can sniff out nearby items.
Your experience applies equally to all skills.


Message History

The jackal bites you but does no damage.
You closely miss the jackal. You bite the jackal, but do no damage.
The jackal is heavily wounded.
The jackal barely misses you. The jackal closely misses you.
The jackal bites you but does no damage.
You hit the jackal but do no damage.
The jackal is heavily wounded.
The jackal bites you but does no damage.
The jackal closely misses you.
You hit the jackal but do no damage.
The jackal is heavily wounded.
The jackal completely misses you.
The jackal bites you but does no damage.
You block the jackal's attack. The jackal barely misses you.
You barely miss the jackal. Your bite misses the jackal.
The jackal is heavily wounded.
The jackal bites you but does no damage. x2
You barely miss the jackal.
The jackal is heavily wounded.
You block the jackal's attack.
The jackal bites you but does no damage.
The jackal bites you.
You hit the jackal.
You kill the jackal!
The jackal bites you. x2
* * * LOW HITPOINT WARNING * * *
You hit the jackal. Your bite misses the jackal.
The jackal is heavily wounded.
The jackal closely misses you.
You hit the jackal.
The jackal is severely wounded.
The jackal closely misses you.
The jackal bites you but does no damage.
You hit the jackal.
The jackal is almost dead.
You block the jackal's attack.
You closely miss the jackal.
The jackal is almost dead.
The jackal bites you.
You die...

#........# #.####........#
..............##### #.#
..###.............# ### #.# #.#
.. #.#######.###.#. #.. #.###.#
.. ##.###.....# #.#.##.# #...#.#
.. #[.....##### #.#..#.####.# #.#
#. #..###.# ####.##.#......###.#
#.##..########.†@.##.#...........
...#........###h####..........#..
.#.#..#.###.###.........##++##..#
.#.....................## ##..
.#.##.......######...### ###
...####..#### #..#############
##.#.....# #.####PPP♣P♣♣P##
#.†..h..# #.# #.♣..<...PP#
#.#.##### #.# #..........#


You could see a jackal.

Vanquished Creatures
  A goblin (D:1)
  2 jackals (D:1)
  A bat (D:1)
  A rat (D:1)
5 creatures vanquished.

Vanquished Creatures (others)
  A plant (D:1)
1 creature vanquished.

Grand Total: 6 creatures vanquished

Notes
Turn   | Place    | Note
-------+----------+-------------------------------------------
     0 | D:1      | snewbie the Gnoll Wanderer began the quest for the Orb.
     0 | D:1      | snewbie set off with the following items: a +0 dagger, a +0
                  | buckler, a scroll of blinking, a +0 robe, a potion of
                  | lignification; and the following spell memorised:
                  | Apportation; and the following spells available to
                  | memorise: Portal Projectile, Volatile Blastmotes.
     0 | D:1      | Reached XP level 1. HP: 13/13 MP: 6/6
   256 | D:1      | Slain by a jackal

Illustrated notes

Levels and vault maps discovered:
D:1:      denvon_arrival_planthouse, layout_basic, glass_columns_b

Action                     || total
---------------------------++-------
  Melee: Dagger            ||    43
         Bite              ||     4
   Cast: Apportation       ||     1
 Armour: Ring mail         ||    21
  Dodge: Dodged            ||    22
  Block: Buckler           ||    12
